 Dungeon Crawl Stone Soup version 0.29.1-14-g9c671dbff4 (webtiles) character file.

Game seed: 17617676537081966903

13 H0rd4k the Charlatan (level 2, 0/19 HPs)
             Began as an Octopode Artificer on Feb 13, 2023.
             Slain by Natasha (7 damage)
             ... on level 2 of the Dungeon.
             The game lasted 00:00:28 (1093 turns).

H0rd4k the Charlatan (Octopode Artificer)           Turns: 1093, Time: 00:00:29

Health: 0/19       AC:  1    Str: 11    XL:     2   Next: 37%
Magic:  3/3        EV: 13    Int: 13    God:
Gold:   42         SH:  0    Dex: 12    Spells: 2/2 levels left

rFire   . . .      SeeInvis .   (no weapon)
rCold   . . .      Faith    .   (no shield)
rNeg    . . .      Spirit   .   (helmet restricted)
rPois   .          Reflect  .   (no amulet)
rElec   .          Harm     .   j - ring of flight
rCorr   .          Rampage  .   (no ring)
Will    .....                   (no ring)
Stlth   +++.......              (no ring)
HPRegen 0.06/turn               (no ring)
MPRegen 0.08/turn               (no ring)
                                (no ring)
                                (no ring)

@: flying, slowed, very slow
A: almost no armour, amphibious, 8 rings, camouflage 1, gelatinous body 1,
(nimble swimmer 1), tentacles
a: no special abilities


You were on level 2 of the Dungeon.
You visited 1 branch of the dungeon, and saw 2 of its levels.

You collected 42 gold pieces.

Inventory:

Jewellery
 j - a ring of flight (left tentacle)
Wands
 b - a wand of flame (15) (quivered)
 c - a wand of charming (15)
 d - a wand of iceblast (5)
Scrolls
 e - 2 scrolls of identify {unknown}
 f - a scroll of summoning {unknown}
 h - 3 scrolls of blinking {unknown}
 i - a scroll of teleportation {unknown}
Potions
 a - a potion of brilliance {unknown}
 g - a potion of curing {unknown}


   Skills:
 * Level 1.8 Fighting
 - Level 2.3 Dodging
 - Level 1.3 Stealth
 + Level 0.4 Unarmed Combat
 * Level 0.9 Spellcasting
 - Level 3.2 Evocations


You had 2 spell levels left.
You didn't know any spells.
Your spell library contained the following spells:

 Spells                   Type           Power      Damage    Failure   Level
 Dazzling Flash           Conj/Hex       0%         N/A       65%         3
 Iskenderun's Mystic Bla  Conj/Tloc      0%         2d3       96%         4
 Starburst                Conj/Fire      0%         6d3       100%        6


Dungeon Overview and Level Annotations

Branches:
Dungeon (2/15)

Altars:

Annotations:
D:2 Natasha


Innate Abilities, Weirdness & Mutations

You cannot wear most types of armour.
You are amphibious.
You can wear up to eight rings at the same time.
Your skin changes colour to match your surroundings (Stealth+).
Your rubbery body absorbs attacks. (AC +1, EV +1)
((You are camouflaged when in or above water. (Stealth+)))
You have tentacles for arms and can constrict up to eight enemies at once.


Message History

No target in view!
Done exploring.
No target in view!
Unknown command.
Done exploring.
Done exploring.
You fly up into the air.
j - a ring of flight (left tentacle)
Okay, then.
You see here a frilled lizard corpse.
(D) Dungeon
Where to? (? - help)
Things that are here:
a +0 dagger; 3 stones
There is a stone staircase leading down here.
You fly downwards.
There is a stone staircase leading up here.
Key pressed, stopping travel.
You hear a distant slurping noise.
You hear a distant slurping noise.
You reach down and open the door.
There is an open door here.
You reach down and open the door.
There is an open door here.
A jelly comes into view.
A jelly is nearby!
A jelly is nearby!
Natasha, Servant of Life and Death comes into view.
Found a stone staircase leading down.
Natasha hisses angrily.
Natasha casts a spell.
Natasha stares at you and mumbles some strange words.
You feel yourself slow down. Natasha claws you. The shadow imp hits you.
Natasha casts a spell at you. You resist with significant effort.
The jelly quivers.
You are too injured to fight recklessly!
Natasha claws you!
You die...

#........#.##############
#........#.# #........#.#
##########.# .......##.#
..!..>..#.#########
..?...J.#.........#
......h5#########.#
.......@# #.#
#####+#.#########.#
#...........#
#############


You could see a jelly, Natasha and a shadow imp (summoned).

Vanquished Creatures
  A dart slug (D:1)
  A bat (D:1)
  An endoplasm (D:1)
  A goblin (D:1)
  A hobgoblin (D:1)
  A ball python (D:1)
  A frilled lizard (D:1)
  A kobold (D:1)
  4 rats (D:1)
12 creatures vanquished.

Notes
Turn   | Place    | Note
-------+----------+-------------------------------------------
     0 | D:1      | H0rd4k the Octopode Artificer began the quest for the Orb.
     0 | D:1      | Reached XP level 1. HP: 13/13 MP: 1/1
   450 | D:1      | Reached XP level 2. HP: 18/18 MP: 1/3
   741 | D:1      | Found a faded altar of an unknown god.
  1089 | D:2      | Noticed Natasha
  1093 | D:2      | Slain by Natasha

Illustrated notes

Levels and vault maps discovered:
D:1:      minmay_arrival_split_and_join, layout_loops_ring,
          shapermc_ecumenical_altar_ellora, minmay_tetromino_s4
D:2:      layout_basic, minmay_ruptured, uniq_natasha, uniq_sigmund

Action                   || total
-------------------------++-------
Melee: Unarmed           ||    26
       Constrict         ||     8
       Tentacles         ||     5
 Stab: Sleeping          ||     4
Dodge: Dodged            ||    13
